 Dungeon Crawl Stone Soup version 0.17-a0-1475-g9f81d98 (webtiles) character file.

213 matakusis the Ducker (level 5, 0/40 HPs)
             Began as a Demonspawn Gladiator on July 2, 2015.
             Was an Initiate of Ru.
             Slain by an orc
             ... wielding a +0 trident
              (4 damage)
             ... on level 4 of the Dungeon.
             The game lasted 00:28:49 (3429 turns).

matakusis the Ducker (Demonspawn Gladiator)         Turns: 3429, Time: 00:28:49

Health: 0/40       AC:  4    Str: 14 (16) XL:     5   Next: 59%
Magic:  5/5        EV: 13    Int: 10      God:    Ru [......]
Gold:   144        SH:  0    Dex: 13      Spells: 0 memorised, 4 levels left

rFire  . . .     SeeInvis +     a - +0 flail
rCold  . . .     Clarity  .     b - +0 leather armour
rNeg   . . .     SustAt   .     (no shield)
rPois  .         Gourm    .     (helmet restricted)
rElec  .         Spirit   .     (no cloak)
rCorr  +         Warding  .     (no gloves)
rMut   .         Stasis   .     (no boots)
MR     .....                    p - amulet of resist corrosion
Stlth  ++........               c - ring of see invisible
                                r - ring of stealth

@: flying, not resistant to hostile enchantments, unstealthy
A: horns 1, rugged brown scales 1
a: Renounce Religion


You were on level 4 of the Dungeon.
You worshipped Ru.
Ru was noncommittal.
You were not hungry.

You visited 2 branches of the dungeon, and saw 5 of its levels.

You collected 144 gold pieces.

Inventory:

Hand weapons
 a - a +0 flail (weapon)
Missiles
 d - 3 throwing nets (quivered)
 s - 39 sling bullets
 v - 14 poisoned needles
 y - 6 tomahawks
Armour
 b - a +0 leather armour (worn)
Jewellery
 c - a ring of see invisible (right hand)
 p - an amulet of resist corrosion (around neck)
 r - a ring of stealth (left hand)
Magical devices
 q - a wand of digging (17)
Scrolls
 f - 4 scrolls of identify {unknown}
 i - a scroll of teleportation {unknown}
 m - 3 scrolls of remove curse {unknown}
 t - a scroll of immolation {unknown}
 x - a scroll of enchant armour {unknown}
Potions
 g - a potion of haste
 j - a potion of magic {unknown}
 l - a potion of degeneration
 n - a potion of resistance {unknown}
 o - a potion of lignification {unknown}
Comestibles
 e - 4 bread rations
 k - a meat ration
 u - a slice of pizza
 w - 4 fruits
 z - 3 beef jerkies


   Skills:
 + Level 2.3 Fighting
 * Level 3.9 Maces & Flails
 + Level 1.8 Throwing
 + Level 1.2 Armour
 * Level 4.5 Dodging


You had 4 spell levels left.
You didn't know any spells.

Dungeon Overview and Level Annotations

Branches:
Dungeon (4/15)             Temple (1/1) D:4

Altars:
Ashenzari
Cheibriados
Dithmenos
Elyvilon
Fedhas
Kikubaaqudgha
Makhleb
Nemelex Xobeh
Okawaru
Qazlal
Ru
Sif Muna
Vehumet
Yredelemnul
Zin
The Shining One


Innate Abilities, Weirdness & Mutations

You have a pair of small horns on your head.
You are partially covered in rugged brown scales (AC +1, +3% HP).


Message History

The orc wizard hits you but does no damage.
The orc hits you from afar with a trident.
The orc wizard hits you with a dagger.
You barely miss the orc wizard. Your headbutt misses the orc wizard.
The orc wizard casts a spell at you. The puff of flame hits you!
The orc misses you. The orc barely misses you.
The orc wizard hits you with a dagger.
You hit the orc wizard but do no damage.
The orc wizard gestures at you while chanting.
The magic dart hits you! The orc hits you with a flail.
* * * LOW HITPOINT WARNING * * *
The orc hits you from afar with a trident!
* * * LOW HITPOINT WARNING * * *
The orc wizard hits you but does no damage.
It was a potion of flight.
You feel very buoyant.
You fly up into the air.
The orc hits you but does no damage.
The orc wizard glows brightly for a moment.
The orc hits you from afar with a trident.
You die...

.....### ##.######.# #..........
..##...####..# ### #.......().
######o..##..# #.........) #
##.....### ##.....(.###
###o...).### ##......#####
######.....#....#####.....(## #.
...........###.o......#....#####.
.............##oo...####.........
..#######).....#@.### #..######.
### #..........# #..# ## #
##.#......(.# #..# # #
##...........# ##.##
#............## #..#
######.............####..# #
.....................##(.########
..............#######....##......
######....##..# ### #............


You could see an orc wizard and 2 orcs.

Vanquished Creatures
  A hound (D:4)
  2 iguanas (D:4)
  An orc wizard (D:4)
  4 adders
  A worm (D:2)
  2 giant geckos
  5 orcs
  A ball python (D:1)
  5 goblins
  5 hobgoblins
  4 jackals (D:4)
  5 bats (D:4)
  5 giant cockroaches
  5 giant newts
  A jackal skeleton (D:4)
  9 kobolds
  A quokka skeleton (D:4)
  12 rats
69 creatures vanquished.

Notes
Turn   | Place    | Note
--------------------------------------------------------------
     0 | D:1      | matakusis the Demonspawn Gladiator began the quest for the Orb.
     0 | D:1      | Reached XP level 1. HP: 16/16 MP: 1/1
   111 | D:1      | Reached skill level 3 in Dodging
   156 | D:1      | Gained mutation: You are partially covered in rugged brown scales (AC +1, +3% HP). [demonic ancestry]
   156 | D:1      | Reached XP level 2. HP: 14/22 MP: 2/2
   601 | D:1      | Found a sparkling altar of Nemelex Xobeh.
   692 | D:2      | Found a shattered altar of Ashenzari.
   696 | D:2      | Saw a vision of the Swamp and the Snake Pit.
   696 | D:2      | Noticed a naga
   696 | D:2      | Noticed a salamander
   696 | D:2      | Noticed a naga warrior
   696 | D:2      | Noticed a black mamba
   696 | D:2      | Noticed an anaconda
   696 | D:2      | Noticed a naga
   696 | D:2      | Noticed a naga mage
   696 | D:2      | Noticed an alligator
   696 | D:2      | Noticed an alligator
   696 | D:2      | Noticed a swamp drake
   696 | D:2      | Noticed a swamp drake
   697 | D:2      | Noticed a naga
   699 | D:2      | Noticed an alligator
   755 | D:2      | Gained mutation: You have a pair of small horns on your head. [demonic ancestry]
   755 | D:2      | Reached XP level 3. HP: 22/27 MP: 3/3
   887 | D:2      | Found a glowing golden altar of the Shining One.
  1685 | D:4      | Found a burning altar of Makhleb.
  1696 | D:4      | Reached XP level 4. HP: 23/33 MP: 4/4
  2298 | D:4      | Reached skill level 4 in Dodging
  2298 | D:4      | Reached XP level 5. HP: 39/39 MP: 5/5
  2336 | D:4      | Found a glowing silver altar of Zin.
  2345 | D:4      | Found a staircase to the Ecumenical Temple.
  2370 | D:4      | Reached skill level 1 in Armour
  3054 | Temple   | Entered the Ecumenical Temple
  3364 | Temple   | Became a worshipper of Ru the Awakened
  3429 | D:4      | Slain by an orc

Vault maps used:
D:1:      lemuel_arrival_cross, nemelex_xobeh_ov_fountains_minmay
D:2:      nicolae_overflow_crystal_walls, grunt_ashenzari_visionary
D:4:      makhleb_heckhound_becter, zin_scriptorium,
          minmay_temple_entry_statues_fountains
Temple:   bh_familiar_temple

Action                   |  1- 3 |  4- 6 || total
-------------------------+-------+-------++-------
Melee: Flail             |   113 |    97 ||   210
  Use: Potion            |       |     6 ||     6
 Stab: Distracted        |     1 |       ||     1
       Sleeping          |     1 |     1 ||     2
  Eat: Chunk             |     3 |     5 ||     8
